 Dungeon Crawl Stone Soup version 0.18-a0-884-gb6cfd45 (webtiles) character file.

93 Jmtri7 the Skirmisher (level 4, -6/42 HPs)
             Began as a Minotaur Skald on Dec 23, 2015.
             Mangled by a gnoll
             ... wielding a cursed +0 halberd
              (13 damage)
             ... on level 3 of the Dungeon.
             The game lasted 00:10:43 (2219 turns).

Jmtri7 the Skirmisher (Minotaur Skald)              Turns: 2219, Time: 00:10:44

Health: -6/42      AC:  3    Str: 18    XL:     4   Next: 37%
Magic:  1/5        EV: 11    Int:  9    God:
Gold:   86         SH:  0    Dex:  9    Spells: 3 memorised, 0 levels left

rFire  . . .     SeeInvis .     a - +0 spear
rCold  . . .     Gourm    .     b - +0 leather armour
rNeg   . . .     Faith    .     (no shield)
rPois  .         Spirit   .     (helmet restricted)
rElec  .         Dismiss  .     (no cloak)
rCorr  .         Reflect  .     (no gloves)
SustAt .         Harm     .     (no boots)
MR     .....                    (no amulet)
Stlth  +.........               (no ring)
                                (no ring)

@: singing, very slightly contaminated, not resistant to hostile enchantments,
very unstealthy
A: retaliatory headbutt, horns 2
a: Stop Singing


You were on level 3 of the Dungeon.
You were hungry.

You visited 1 branch of the dungeon, and saw 3 of its levels.

You collected 86 gold pieces.

Inventory:

Hand Weapons
 a - a +0 spear (weapon)
Armour
 b - a +0 leather armour (worn)
Scrolls
 e - 3 scrolls of identify {unknown}
 h - a scroll of fear {unknown}
 k - a scroll of recharging {unknown}
 m - a scroll of enchant armour {unknown}
Potions
 f - 2 potions of curing {unknown}
 g - a potion of mutation {unknown}
 i - a potion of ambrosia {unknown}
 j - a potion of brilliance {unknown}
 l - 2 potions of heal wounds {unknown}
 o - a potion of resistance {unknown}
Books
 c - a book of Battle

   Spells                             Type                      Level
   a - Infusion                       Charms                       1
   b - Shroud of Golubria             Charms/Translocation         2
   c - Song of Slaying                Charms                       2
   d - Spectral Weapon                Hexes/Charms                 3
   e - Regeneration                   Charms/Necromancy            3
Comestibles
 d - 2 bread rations
 n - a meat ration


   Skills:
 - Level 5.2 Fighting
 - Level 2.4 Polearms
 - Level 1.2 Armour
 - Level 1.1 Dodging
 - Level 1.3 Spellcasting
 + Level 2.3 Charms


You couldn't memorise any spells.
You knew the following spells:

 Your Spells              Type           Power        Failure   Level  Hunger
a - Infusion              Chrm           #.....       17%         1    ##.....
b - Song of Slaying       Chrm           #.......     28%         2    ###....
c - Shroud of Golubria    Chrm/Tloc      #.........   50%         2    ###....


Dungeon Overview and Level Annotations

Branches:
Dungeon (3/15)

Altars:
Ashenzari
Cheibriados
Sif Muna


Innate Abilities, Weirdness & Mutations

You reflexively headbutt those who attack you in melee.
You have a pair of horns on your head.


Message History

You hear a shout!
The gnoll barely misses you. x2
Casting: Song of Slaying
Confirm with . or Enter, or press ? or * to list all spells.
You miscast Shroud of Golubria.
You are very lightly contaminated with residual magic.
The air around you crackles with energy!
The kobold zaps a wand.
You resist with some effort.
It is a wand of slowing.
The gnoll hits you from afar with a halberd!
The kobold zaps a wand.
You resist with some effort. The gnoll hits you with a halberd!
The gnoll barely misses you. You furiously retaliate!
You headbutt the gnoll!
A giant gecko comes into view.
You hit the kobold but do no damage. The kobold barely misses you.
The gnoll closely misses you. The gnoll hits you with a halberd.
The kobold zaps a wand.
You resist with some effort.
The gnoll hits you from afar with a halberd!
* * * LOW HITPOINT WARNING * * *
The gnoll hits you from afar with a halberd!
You die...

#.###.########.#
...#.# #.# ###
#.#.# ##.# ...
#...# #..#
#.###.### #.## .
#.....# ######.#
..###.###
#....#.# #..<..#
#..g.#†###.##
#..####
#.gK.@.l......
#.(
#..g.#.###.###
#.. #....#.# ...
######g# ##. ...
#. ... .# ####


You could see 2 gnolls, a giant gecko, 2 hobgoblins and a kobold.

Vanquished Creatures
  5 adders
  An ooze (D:1)
  A worm (D:2)
  A giant gecko (D:2)
  5 hobgoblins
  2 jackals (D:1)
  5 bats
  2 giant cockroaches (D:1)
  9 giant newts
  5 goblins
  7 kobolds
  2 quokkas (D:2)
  7 rats
52 creatures vanquished.

Notes
Turn   | Place    | Note
--------------------------------------------------------------
     0 | D:1      | Jmtri7 the Minotaur Skald began the quest for the Orb.
     0 | D:1      | Reached XP level 1. HP: 18/18 MP: 1/1
    41 | D:1      | Reached skill level 3 in Fighting
    51 | D:1      | Reached XP level 2. HP: 19/26 MP: 3/3
   496 | D:1      | Learned a level 2 spell: Song of Slaying
   529 | D:1      | Reached skill level 4 in Fighting
   529 | D:1      | Reached XP level 3. HP: 19/33 MP: 2/4
  1185 | D:2      | Reached skill level 5 in Fighting
  1453 | D:2      | Found a deep blue altar of Sif Muna.
  1494 | D:2      | Found a shattered altar of Ashenzari.
  1516 | D:2      | Reached XP level 4. HP: 35/42 MP: 0/5
  1520 | D:2      | Learned a level 2 spell: Shroud of Golubria
  2213 | D:3      | Found a snail-covered altar of Cheibriados.
  2219 | D:3      | Mangled by a gnoll

Vault maps used:
D:1:      dpeg_arrival_water_temple_mockup
D:2:      nicolae_overflow_crystal_walls, lemuel_blue_sif_altar
D:3:      cheibriados_altar_wand_db

Action                   |  1- 3 |  4- 6 || total
-------------------------+-------+-------++-------
Melee: Spear             |    88 |    26 ||   114
 Cast: Infusion          |     9 |     3 ||    12
       Song of Slaying   |     1 |     1 ||     2
  Eat: Bread ration      |     1 |       ||     1
